 Dungeon Crawl Stone Soup version 0.19.0-23-gf02e663 (webtiles) character file.

282 JeffiDaFish the Cudgeler (level 6, -4/41 HPs)
             Began as a Gargoyle Fighter on Nov 19, 2016.
             Slain by a mummy (11 damage)
             ... in an ossuary.
             The game lasted 00:08:39 (2884 turns).

JeffiDaFish the Cudgeler (Gargoyle Fighter)         Turns: 2884, Time: 00:08:41

Health: -4/41      AC: 19    Str: 21    XL:     6   Next: 28%
Magic:  6/6        EV:  4    Int:  9    God:
Gold:   136        SH:  9    Dex:  9    Spells: 0 memorised, 5 levels left

rFire  . . .     SeeInvis .     a - +1 flail
rCold  . . .     Gourm    .     q - +0 plate armour
rNeg   + . .     Faith    .     c - +0 shield
rPois  ∞         Spirit   .     e - +1 helmet
rElec  +         Reflect  .     i - +0 cloak
rCorr  .         Harm     .     (no gloves)
MR     +....                    (no boots)
Stlth  ..........               (no amulet)
                                k - ring of protection from magic
                                l - ring of stealth

@: marked
A: negative energy resistance 1, robust 1, electricity resistance, unbreathing,
petrification resistance, rot immunity, AC +4
a: no special abilities


You were in an ossuary.
You were not hungry.

You visited 1 branch of the dungeon, and saw 4 of its levels.
You also visited: Ossuary.

You collected 136 gold pieces.

Inventory:

Hand Weapons
 a - a +1 flail (weapon)
Armour
 c - a +0 shield (worn)
 e - a +1 helmet (worn)
 i - a +0 cloak (worn)
 q - a +0 plate armour (worn)
Jewellery
 k - a ring of protection from magic (right hand)
 l - a ring of stealth (left hand)
Scrolls
 b - a scroll of remove curse
 m - 4 scrolls of identify
Comestibles
 f - 5 bread rations
 h - 3 meat rations
 n - a royal jelly
 p - a fruit


   Skills:
 + Level 4.0 Fighting
 + Level 4.4 Maces & Flails
 + Level 4.0 Armour
 + Level 1.5 Dodging
 + Level 0.5 Stealth
 + Level 4.2 Shields


You had 5 spell levels left.
You didn't know any spells.

Dungeon Overview and Level Annotations

Branches:
Dungeon (4/15)
 Temple: D:4-7

Altars:

Annotations:
D:4 Blork the orc; Brutalitops's ghost, amateur DEAM


Innate Abilities, Weirdness & Mutations

You are resistant to torment.
Your stone body is resilient. (AC +4)
You are immune to poison.
You resist negative energy. (rN+)
You are resistant to electric shocks. (rElec)
You can survive without breathing.
You are immune to petrification.
You are immune to rotting.
You are robust. (+10% HP)


Message History

You block the goblin zombie's attack. The mummy barely misses you.
The elf zombie hits you but does no damage.
You block the hobgoblin zombie's attack.
You block the mummy's attack.
You barely miss the goblin zombie.
The goblin zombie is moderately damaged.
The kobold zombie hits you but does no damage.
The goblin zombie hits you but does no damage.
The elf zombie hits you but does no damage.
The hobgoblin zombie hits you.
* * * LOW HITPOINT WARNING * * *
The mummy barely misses you.
You sock the goblin zombie!
You destroy the goblin zombie!
The kobold zombie hits you but does no damage.
The elf zombie hits you but does no damage.
You block the mummy's attack.
You block the hobgoblin zombie's attack.
The mummy hits you!
You die...

...................#
...................#
.......8..8........#
...................#
..######ZZ######...#
#ZZ# #...# #ZZ#
#...#
#.####MZ####.#...#
#....@ZZ.....#...#
#...ZMZ.####.#...#
#....ZZ.# #...#
#.......# #...#
#.....∩.# #...#
####+.... #...#
#...## #...# #...#
#...#
.##############...#


You could see 2 mummies, 2 rat zombies, 5 hobgoblin zombies, 4 kobold zombies,
an orc zombie and an elf zombie.

Vanquished Creatures
  A scorpion (D:4)
  A centaur zombie (Ossuary)
  A big kobold zombie (Ossuary)
  8 adders
  3 oozes
  3 worms
  4 dart slugs
  4 leopard geckos
  An orc (D:4)
  5 bats
  4 giant cockroaches
  3 goblins
  10 hobgoblins
  9 kobolds
  A quokka (D:4)
  3 frilled lizards
  A goblin zombie (Ossuary)
  2 hobgoblin zombies (Ossuary)
  3 kobold zombies (Ossuary)
  10 orc zombies (Ossuary)
  10 rats
87 creatures vanquished.

Notes
Turn   | Place    | Note
-------+----------+-------------------------------------------
     0 | D:1      | JeffiDaFish the Gargoyle Fighter began the quest for the Orb.
     0 | D:1      | Reached XP level 1. HP: 14/14 MP: 1/1
   290 | D:1      | Reached XP level 2. HP: 9/19 MP: 2/2
   940 | D:1      | Reached XP level 3. HP: 23/23 MP: 3/3
  1150 | D:2      | Reached XP level 4. HP: 27/28 MP: 4/4
  1549 | D:2      | Reached skill level 1 in Dodging
  1571 | D:2      | Reached XP level 5. HP: 25/32 MP: 5/5
  1923 | D:3      | Gained mutation: You are robust. (+10% HP) [potion of beneficial mutation]
  2355 | D:4      | Noticed Brutalitops's ghost (amateur DEAM)
  2522 | D:4      | Noticed an orc warrior
  2526 | D:4      | Noticed Blork the orc
  2766 | D:4      | Found a sand-covered staircase.
  2791 | Ossuary  | Entered an ossuary
  2808 | Ossuary  | Reached XP level 6. HP: 41/41 MP: 6/6
  2884 | Ossuary  | Slain by a mummy

Skill      XL: |  1  2  3  4  5  6 |
---------------+-------------------+-----
Maces & Flails | 3 4 |  4.4
Dodging        | 1 |  1.5
Shields        | 4 |  4.2
Fighting       | 4 |  4.0
Armour         | 4 |  4.0
Stealth        | |  0.5

Action                   |  1- 3 |  4- 6 || total
-------------------------+-------+-------++-------
Melee: Flail             |   123 |   219 ||   342
  Use: Potion            |     2 |     5 ||     7
       Scroll            |     3 |     7 ||    10
  Eat: Chunk             |     1 |     5 ||     6
       Fruit             |       |     1 ||     1
Armor: Scale mail        |    61 |    86 ||   147
       Plate armour      |       |   109 ||   109
       Chain mail        |       |     6 ||     6
Dodge: Dodged            |    43 |    96 ||   139
Block: Shield            |    58 |   151 ||   209
